 Dungeon Crawl Stone Soup version 0.20-a0-1124-g2e29d97 (webtiles) character file.

1444 Naow the Firebug (level 8, -3/46 HPs)
             Began as an Octopode Fire Elementalist on May 16, 2017.
             Was a Follower of Vehumet.
             Slain by a killer bee (4 damage)
             ... on level 7 of the Dungeon.
             The game lasted 00:10:37 (7519 turns).

Naow the Firebug (Octopode Fire Elementalist)       Turns: 7519, Time: 00:10:37

Health: -3/46      AC:  1    Str:  7    XL:     8   Next: 74%
Magic:  1/16       EV: 19    Int: 20    God:    Vehumet [*.....]
Gold:   343        SH:  0    Dex: 17    Spells: 3/18 levels left

rFire    . . .     SeeInvis .   u - +2 dagger (protect)
rCold    . . .     Gourm    .   (no shield)
rNeg     . . .     Faith    .   (helmet restricted)
rPois    .         Spirit   .   (no amulet)
rElec    .         Reflect  .   (no ring)
rCorr    .         Harm     .   (no ring)
MR       .....                  (no ring)
Stlth    ++++......             (no ring)
Regen    0.2/turn               (no ring)
MPRegen  0.2/turn               (no ring)
                                (no ring)
                                (no ring)

@: agile, lethally poisoned (-3 -> -8)
A: almost no armour, stealthy swim, amphibious, 8 rings, constrict 8, camouflage
1, gelatinous body 1
a: Renounce Religion


You were on level 7 of the Dungeon.
You worshipped Vehumet.
Vehumet was aware of your devotion.
You were very hungry.

You visited 2 branches of the dungeon, and saw 8 of its levels.

You collected 343 gold pieces.

Inventory:

Hand Weapons
 n - a +0 dagger
 u - a +2 dagger of protection (weapon)
Jewellery
 m - an uncursed amulet of rage {unknown}
 x - an uncursed ring of fire {unknown}
Scrolls
 d - 4 scrolls of identify {unknown}
 e - 2 scrolls of teleportation {unknown}
 f - a scroll of immolation {unknown}
 g - a scroll of amnesia {unknown}
 l - 2 scrolls of noise {unknown}
 o - 2 scrolls of enchant armour {unknown}
 r - a scroll of recharging {unknown}
 y - a scroll of blinking {unknown}
 z - a scroll of fear {unknown}
Potions
 c - a potion of curing {unknown}
 h - a potion of resistance {unknown}
 j - a potion of agility
 k - 2 potions of mutation {unknown}
 t - a potion of flight {unknown}
 v - a potion of invisibility {unknown}
 B - a potion of haste {unknown}
Books
 a - a book of Flames

   Spells                             Type                      Level
   a - Flame Tongue                   Conjuration/Fire             1
   b - Throw Flame                    Conjuration/Fire             2
   c - Conjure Flame                  Conjuration/Fire             3
   d - Inner Flame                    Hexes/Fire                   3
   e - Sticky Flame                   Conjuration/Fire             4
   f - Fireball                       Conjuration/Fire             5
 p - a book of Cantrips

   Spells                             Type                      Level
   a - Confusing Touch                Hexes                        1
   b - Animate Skeleton               Necromancy                   1
   c - Summon Small Mammal            Summoning                    1
   d - Apportation                    Translocation                1
 w - a book of Changes

   Spells                             Type                      Level
   a - Beastly Appendage              Transmutation                1
   b - Sticks to Snakes               Transmutation                2
   c - Spider Form                    Transmutation/Poison         3
   d - Ice Form                       Ice/Transmutation            4
   e - Blade Hands                    Transmutation                5
Comestibles
 b - 3 bread rations
 i - 2 meat rations
 q - 2 royal jellies
 s - 3 fruits
 A - a chunk of flesh


   Skills:
 - Level 2.0 Dodging
 - Level 2.6 Stealth
 + Level 5.8 Spellcasting
 + Level 6.1 Conjurations
 + Level 6.8 Fire Magic


You had 3 spell levels left.
You knew the following spells:

 Your Spells              Type           Power        Failure   Level  Hunger
a - Flame Tongue          Conj/Fire      ####.        1%          1    None
b - Throw Flame           Conj/Fire      ####..       1%          2    None
c - Conjure Flame         Conj/Fire      ####....     2%          3    ##.....
d - Sticky Flame          Conj/Fire      ####....     8%          4    ####...
e - Fireball              Conj/Fire      ####......   21%         5    #####..


Dungeon Overview and Level Annotations

Branches:
Dungeon (7/15)             Temple (1/1) D:4

Altars:
Ashenzari
Cheibriados
Dithmenos
Elyvilon
Fedhas
Gozag
Hepliaklqana
Kikubaaqudgha
Makhleb
Nemelex Xobeh
Okawaru
Qazlal
Ru
Sif Muna
Trog
Vehumet
Wu Jian
Xom
Yredelemnul
Zin

Annotations:
D:4 Sigmund


Innate Abilities, Weirdness & Mutations

You cannot wear most types of armour.
You are very stealthy in the water. (Stealth+)
You are amphibious.
You can wear up to eight rings at the same time.
You can use your tentacles to constrict eight enemies at once.
Your skin changes colour to match your surroundings (Stealth+).
Your rubbery body absorbs attacks. (AC +1, EV +1)


Message History

The killer bee is moderately wounded.
The killer bee stings you but does no damage. x2
You miss the killer bee. Your grab misses the killer bee.
Your squeeze misses the killer bee.
The killer bee is moderately wounded.
You feel sick. The killer bee closely misses you. The killer bee misses you.
You closely miss the killer bee. Your grab misses the killer bee.
The killer bee is moderately wounded.
You feel sick. The killer bee stings you. The killer bee stings you!
* * * LOW HITPOINT WARNING * * *
You barely miss the killer bee. Your grab misses the killer bee.
The killer bee is lightly wounded.
* * * LOW HITPOINT WARNING * * *
You feel sick. The killer bee stings you.
* * * LOW HITPOINT WARNING * * *
The killer bee barely misses you.
It was a potion of agility.
You feel agile all of a sudden. The killer bee closely misses you.
The killer bee stings you.
You die...

...(...........#
#######..##...##
####.####..######
#...........#
#...........#
#...........#
######'###############
##..###.y###..####....##..
#........@.............#..
#......................#..
#......................#..
#...#....##..########.##..
############## #)##..
#..... #..).. #...<.
#...<.


You could see a killer bee.

Vanquished Creatures
  Grinder (D:6)
  An ice beast (D:6)
  An ogre (D:6)
  A phantom (D:5)
  A centaur (D:6)
  A bullfrog (D:6)
  4 killer bees (D:7)
  3 crimson imps
  A hound (D:5)
  A jelly (D:5)
  5 orc priests
  3 orc wizards
  2 worker ants
  A hound skeleton (D:6)
  A worker ant zombie (D:6)
  3 gnolls (D:4)
  4 adders
  A shadow imp (D:5)
  2 worms
  3 dart slugs
  A leopard gecko (D:3)
  25 orcs
  5 bats
  4 giant cockroaches
  10 goblins
  6 hobgoblins
  7 jackals
  8 kobolds
  3 quokkas
  2 ball pythons
  4 frilled lizards
  A quokka skeleton (D:5)
  A quokka zombie (D:6)
  3 rats (D:3)
120 creatures vanquished.

Notes
Turn   | Place    | Note
-------+----------+-------------------------------------------
     0 | D:1      | Naow the Octopode Fire Elementalist began the quest for the Orb.
     0 | D:1      | Reached XP level 1. HP: 11/11 MP: 3/3
   207 | D:1      | Reached XP level 2. HP: 17/17 MP: 3/5
   909 | D:2      | Reached XP level 3. HP: 10/21 MP: 0/7
  2349 | D:3      | Reached XP level 4. HP: 23/27 MP: 0/8
  2641 | D:2      | Learned a level 2 spell: Throw Flame
  2645 | D:2      | Learned a level 3 spell: Conjure Flame
  3042 | D:3      | Reached XP level 5. HP: 20/31 MP: 3/10
  4101 | D:3      | Learned a level 4 spell: Sticky Flame
  4295 | D:4      | Reached XP level 6. HP: 30/36 MP: 0/11
  4779 | D:4      | Found a staircase to the Ecumenical Temple.
  4851 | D:4      | Noticed Sigmund
  4907 | Temple   | Entered the Ecumenical Temple
  5006 | Temple   | Became a worshipper of Vehumet
  5152 | D:5      | Entered Level 5 of the Dungeon
  5438 | D:5      | Reached skill level 5 in Fire Magic
  5438 | D:5      | Reached XP level 7. HP: 35/41 MP: 13/13
  6145 | D:6      | Noticed Grinder
  6152 | D:6      | Killed Grinder
  6256 | D:6      | Reached skill level 5 in Conjurations
  6256 | D:6      | Reached XP level 8. HP: 31/46 MP: 8/15
  6380 | D:6      | Learned a level 5 spell: Fireball
  6393 | D:6      | Reached skill level 5 in Spellcasting
  7484 | D:7      | Reached * piety under Vehumet
  7484 | D:7      | Offered knowledge of Magic Dart by Vehumet.
  7518 | D:7      | HP: 1/46 [killer bee (2)]
  7519 | D:7      | Slain by a killer bee

Vault maps used:
D:1:      scummos_arrival_hexagon
D:4:      minmay_temple_entry_statues_pillars, minmay_unequal, uniq_sigmund
D:5:      first_bread, grunt_decor_mini_mirrors
D:6:      uniq_grinder
Temple:   regret_index_temple_sigil_plot

Skill      XL: |  1  2  3  4  5  6  7  8 |
---------------+-------------------------+-----
Spellcasting   | 3 4 5 |  5.8
Conjurations   | 2 3 4 5 6 |  6.1
Fire Magic     | 4 5 6 |  6.8
Dodging        | |  2.0
Stealth        | |  2.6

Action                   |  1- 3 |  4- 6 |  7- 9 || total
-------------------------+-------+-------+-------++-------
Melee: Unarmed           |     7 |       |       ||     7
       Constrict         |     5 |    11 |     1 ||    17
       Dagger            |    10 |    54 |     7 ||    71
       Tentacles         |     1 |     6 |     1 ||     8
 Cast: Flame Tongue      |    63 |    87 |    64 ||   214
       Throw Flame       |       |    17 |    14 ||    31
       Sticky Flame      |       |     2 |     7 ||     9
       Conjure Flame     |       |     1 |     1 ||     2
       Fireball          |       |       |     3 ||     3
  Use: Potion            |       |       |     1 ||     1
 Stab: Sleeping          |     1 |     1 |       ||     2
  Eat: Chunk             |     4 |     9 |     5 ||    18
       Royal jelly       |       |       |     2 ||     2
Armor: Skin              |     2 |     3 |     4 ||     9
Dodge: Dodged            |    34 |    74 |    33 ||   141
